 Dungeon Crawl Stone Soup version 0.31-a0-149-g3fdcc5976a (webtiles) character file.

Game seed: 12276154712700433067

5287 qw the Skirmisher (level 10, -6/90 HPs)
             Began as a Minotaur Hunter on June 7, 2023.
             Was a Believer of Okawaru.
             Mangled by a soul eater (16 damage)
             ... summoned by a kobold demonologist
             ... on level 9 of the Dungeon.
             The game lasted 00:03:01 (7387 turns).

qw the Skirmisher (Minotaur Hunter)                 Turns: 7387, Time: 00:03:02

Health: -6/90      AC: 16    Str: 16    XL:     10   Next: 37%
Magic:  10/12      EV: 19    Int: 10    God:    Okawaru [**....]
Gold:   238        SH:  0    Dex: 22    Spells: 9/9 levels left

rFire   . . .        Y - +1 longbow
rCold   . . .        (shield currently unavailable)
rNeg    . . .        p - quicksilver dragon scales
rPois   .            (helmet restricted)
rElec   .            (no cloak)
rCorr   .            a - +2 pair of gloves
SInv    +            (no boots)
Will    +....        (no amulet)
Stlth   +++          b - ring of see invisible
HPRegen 0.35/turn    d - +6 ring of dexterity
MPRegen 0.13/turn

%: no passive effects
@: heroic
A: horns 2, retaliatory headbutt, claws 1, clever 1
a: Renounce Religion, Heroism


You were on level 9 of the Dungeon.
You worshipped Okawaru.
Okawaru was pleased with you.
You visited 2 branches of the dungeon, and saw 10 of its levels.
You also visited: Ossuary.

You collected 414 gold pieces.
You spent 176 gold pieces at shops.


Innate Abilities, Weirdness & Mutations

You have a pair of horns on your head.
You reflexively headbutt those who attack you in melee.
You have sharp fingernails.
Your mind is acute. (Int +4, Str/Dex -1)


   Skills:
 + Level 8.4(13.4) Fighting
 - Level 13.1(18.1) Ranged Weapons
 - Level 5.0(10.0) Armour
 - Level 6.0(11.0) Dodging
 - Level 0.7(5.7) Stealth
 - Level 4.0 Invocations


You had 9 spell levels left.
You didn't know any spells.
Your spell library was empty.

Inventory:

Hand Weapons
 Y - a +1 longbow (weapon)
Armour
 a - a +2 pair of gloves (worn)
 p - quicksilver dragon scales (worn)
Jewellery
 b - a ring of see invisible (left hand)
 d - a +6 ring of dexterity (right hand)
 i - a ring of positive energy
Scrolls
 g - 5 scrolls of teleportation
 l - a scroll of magic mapping {unknown}
 m - a scroll of identify
Potions
 c - a potion of berserk rage {unknown}
 e - a potion of might
 f - 4 potions of curing
 h - a potion of attraction {unknown}
 j - a potion of ambrosia {unknown}
 k - a potion of brilliance {unknown}
 n - 2 potions of heal wounds
 o - a potion of magic {unknown}
 r - 3 potions of cancellation
 s - 2 potions of haste

Dungeon Overview and Level Annotations

Branches:
Dungeon (9/15)             Temple (1/1) D:6         Ossuary (visited)
   Lair: D:8-11         Orc: D:9-12

Altars:
Ashenzari
Dithmenos
Elyvilon
Fedhas
Gozag
Hepliaklqana
Kikubaaqudgha
Makhleb
Nemelex Xobeh
Okawaru
Qazlal
Ru
Sif Muna
Trog
Uskayaw
Vehumet
Wu Jian
Xom
Yredelemnul
Zin
The Shining One

Shops:
D:5 !   D:7 [


Message History

You kill the neqoxec!
The neqoxec disappears in a puff of smoke!
The kobold demonologist hits you but does no damage.
You are electrocuted!!
A killer bee comes into view. x2
You shoot an arrow. The killer bee buzzes angrily. x2
The arrow hits the kobold demonologist but does no damage.
The kobold demonologist is moderately wounded.
A killer bee comes into view.
The kobold demonologist begins to cast a cantrip, but forgets the words!
The sun demon hits you!!
You are engulfed in flames!
You shoot an arrow. The killer bee buzzes angrily.
The arrow hits the kobold demonologist but does no damage.
The kobold demonologist is moderately wounded.
The killer bee closely misses you.
The soul eater draws from the surrounding life force!
The sun demon barely misses you.
The kobold demonologist barely misses you.
You shoot an arrow.
The arrow hits the kobold demonologist but does no damage.
The kobold demonologist is moderately wounded.
The killer bee stings you but does no damage.
The killer bee closely misses you. You furiously retaliate!
You headbutt the killer bee! The sun demon completely misses you.
You furiously retaliate!
You headbutt the sun demon.
The killer bee stings you but does no damage.
The killer bee completely misses you.
The kobold demonologist casts a spell.
The gnoll closely misses you.
You shoot an arrow.
The arrow closely misses the killer bee.
The killer bee stings you but does no damage.
The killer bee misses you. You furiously retaliate!
You headbutt the killer bee!
You kill the killer bee!
Okawaru accepts your kill. The sun demon hits you!
You are engulfed in flames!
The killer bee barely misses you. The soul eater hits you!
You die...

#.......#...#<##...
#.......#...'.#...#
#.......#####.#...#
#.............#...#
#.....#########...#
#######...........#
..................#
##...............3#####.
#.....#'######.@%......
#.....'......#y3K5.....
#.....#......#y5gyg....
#.....#......#..y%5....
#.....+......##+#......
#.....#........ ...[..
.......#........ ......
.......######### ......
........


You could see a soul eater (summoned), a sun demon (summoned), a kobold
demonologist, 4 killer bees, a quasit (summoned), 2 gnolls, a crimson imp
(summoned) and a white imp (summoned).

Vanquished Creatures
  Pikel (D:7)
  A cyclops (D:9)
  A hornet (D:8)
  A wyvern (D:9)
  2 steam dragons
  Menkaure (D:7)
  A water moccasin (D:8)
  Duvessa (D:6)
  3 orc warriors
  2 sky beasts
  4 black bears
  An ogre (D:5)
  3 centaurs
  2 phantoms (D:5)
  2 bullfrogs
  A scorpion (D:6)
  7 water moccasin zombies (Ossuary)
  Dowan (D:6)
  12 killer bees
  2 howler monkeys (D:9)
  A crimson imp (D:5)
  2 jellies
  2 orc priests
  3 hounds
  A sleepcap (D:8)
  4 human skeletons (D:8)
  Natasha (thrice) (D:4)
  5 iguanas
  6 orc wizards
  2 mummies (Ossuary)
  4 gnolls
  8 adders
  A shadow imp (D:6)
  5 adder zombies (Ossuary)
  2 worms
  6 dart slugs
  26 orcs
  7 ball pythons
  3 bats
  8 endoplasms
  4 giant cockroaches
  2 gnoll zombies (Ossuary)
  7 goblins
  8 hobgoblins
  3 jackals (D:4)
  6 quokkas
  2 frilled lizards (D:3)
  A goblin skeleton (D:5)
  3 hobgoblin zombies
  11 kobolds
  5 kobold zombies
  2 orc skeletons (D:8)
  8 orc zombies
  7 rats
217 creatures vanquished.

Notes
Turn   | Place    | Note
-------+----------+-------------------------------------------
     0 | D:1      | qw the Minotaur Hunter began the quest for the Orb.
     0 | D:1      | Reached XP level 1. HP: 18/18 MP: 0/0
     0 | D:1      | 0 ||| qw: Version: 0.2-a-117-gc6b5c8b
     0 | D:1      | 0 ||| qw: Game counter: 2668
     0 | D:1      | 0 ||| qw: Always use a shield: true
     0 | D:1      | 0 ||| qw: God list: Okawaru
     0 | D:1      | 0 ||| qw: Allow faded altars: false
     0 | D:1      | 0 ||| qw: Do Orc after D:15 true
     0 | D:1      | 0 ||| qw: Do second Lair branch before Depths: true
     0 | D:1      | 0 ||| qw: Lair rune preference: random
     0 | D:1      | 0 ||| qw: Plans: Normal
     0 | D:1      | 0 ||| PLANNING D:1-11
   111 | D:1      | Reached XP level 2. HP: 18/25 MP: 1/1
   184 | D:1      | Reached skill level 5 in Ranged Weapons
   372 | D:1      | You fall into a shaft and drop 1 floor!
   412 | D:2      | Reached skill level 3 in Fighting
   472 | D:2      | 472 ||| UPGRADING to +0 ring mail.
   482 | D:2      | 482 ||| DROPPING +0 leather armour.
   483 | D:2      | 483 ||| READING scroll labelled FYUNNU BIORPHU.
   484 | D:2      | 484 ||| READING scroll labelled EQOUFA KEVONN.
   485 | D:2      | 485 ||| READING scroll labelled POFECE BUNN.
   486 | D:2      | 486 ||| READING scroll labelled BIEGUO LIMESU.
   487 | D:2      | 487 ||| DROPPING scroll of butterflies.
   490 | D:2      | Found a blossoming altar of Fedhas.
   511 | D:1      | Reached XP level 3. HP: 30/31 MP: 2/2
   530 | D:1      | Reached skill level 1 in Armour
   530 | D:1      | Found a faded altar of an unknown god.
   833 | D:1      | 833 ||| READING scroll labelled VEWETAAFFO.
  1123 | D:2      | Reached XP level 4. HP: 38/38 MP: 3/3
  1534 | D:2      | 1534 ||| UPGRADING to +0 pair of gloves.
  1539 | D:2      | 1539 ||| DRINKING 2 viscous amethyst potions.
  1571 | D:2      | 1571 ||| DROPPING potion of lignification.
  1628 | D:3      | Reached skill level 6 in Ranged Weapons
  1914 | D:3      | Identified the +0 robe of Cowardice {Int-4 Dex+5 Archmagi}
  1952 | D:3      | Found an ancient bone altar of Kikubaaqudgha.
  2041 | D:3      | Found a sacrificial altar of Ru.
  2188 | D:3      | Found a basalt altar of Yredelemnul.
  2233 | D:3      | 2233 ||| UPGRADING to ring of see invisible.
  2234 | D:3      | 2234 ||| READING scroll labelled LEHUL YRAOPTUCAST.
  2236 | D:3      | 2236 ||| Stepping ~*~*~tactically~*~*~ (cloud).
  2422 | D:4      | Noticed Natasha
  2426 | D:4      | Killed Natasha
  2427 | D:4      | Reached XP level 5. HP: 46/46 MP: 4/4
  2550 | D:4      | Found a blossoming altar of Fedhas.
  2724 | D:4      | Noticed Natasha
  2730 | D:4      | Killed Natasha
  2731 | D:4      | Reached skill level 7 in Ranged Weapons
  2776 | D:4      | Reached XP level 6. HP: 22/52 MP: 5/5
  2986 | D:4      | Noticed Natasha
  2989 | D:4      | Killed Natasha
  3052 | D:4      | 3052 ||| UPGRADING to +6 ring of dexterity.
  3053 | D:4      | 3053 ||| READING 2 scrolls labelled TOKLOTA NETT.
  3054 | D:4      | 3054 ||| READING scroll of enchant armour.
  3054 | D:4      | 3054 ||| ENCHANTING +0 pair of gloves.
  3055 | D:4      | 3055 ||| DRINKING 2 brown potions.
  3056 | D:4      | 3056 ||| DRINKING 2 sedimented red potions.
  3057 | D:4      | 3057 ||| DROPPING potion of enlightenment.
  3069 | D:5      | Entered Level 5 of the Dungeon
  3079 | D:5      | Found a sparkling altar of Nemelex Xobeh.
  3079 | D:5      | Found a shadowy altar of Dithmenos.
  3210 | D:5      | Reached skill level 3 in Dodging
  3259 | D:5      | Reached skill level 8 in Ranged Weapons
  3259 | D:5      | Reached XP level 7. HP: 59/59 MP: 6/6
  3317 | D:5      | Found Bavudaru's Distillery.
  3326 | D:5      | 3326 ||| SHOPLISTING 3 potions of cancellation (264 gold,
                  | have 179).
  3326 | D:5      | 3326 ||| BUYING potion of cancellation (88 gold).
  3326 | D:5      | Bought a potion of cancellation for 88 gold pieces
  3326 | D:5      | 3326 ||| BUYING potion of curing (33 gold).
  3326 | D:5      | Bought a potion of curing for 33 gold pieces
  3326 | D:5      | 3326 ||| BUYING potion of heal wounds (55 gold).
  3326 | D:5      | Bought a potion of heal wounds for 55 gold pieces
  3326 | D:5      | 3326 ||| SHOPLISTING potion of mutation (88 gold, have 3).
  3653 | D:5      | Reached skill level 3 in Armour
  3674 | D:5      | Found a glowing golden altar of the Shining One.
  3791 | D:5      | 3791 ||| DROPPING +0 robe of Cowardice {Int-4 Dex+5
                  | Archmagi}.
  3792 | D:5      | 3792 ||| UPGRADING to quicksilver dragon scales.
  3802 | D:5      | 3802 ||| DROPPING +0 ring mail.
  3803 | D:5      | 3803 ||| DROPPING ring of wizardry.
  3804 | D:5      | 3804 ||| READING scroll labelled ENNETH KIAPAE.
  3809 | D:5      | 3809 ||| READING scroll labelled WEMOKLE XEBUEC.
  3903 | D:5      | 3903 ||| DRINKING 2 sedimented amethyst potions.
  4003 | D:6      | Reached skill level 9 in Ranged Weapons
  4075 | D:6      | Identified the +0 ring mail "Zufack" {rN+}
  4092 | D:6      | Reached XP level 8. HP: 68/68 MP: 7/7
  4100 | D:6      | Noticed Duvessa
  4100 | D:6      | Noticed Dowan
  4111 | D:6      | Killed Duvessa
  4112 | D:6      | Reached skill level 6 in Fighting
  4116 | D:6      | Killed Dowan
  4481 | D:6      | Found a staircase to the Ecumenical Temple.
  4482 | D:6      | 4482 ||| PLANNING TEMPLE
  4482 | D:6      | 4482 ||| DROPPING +0 ring mail "Zufack" {rN+}.
  4483 | D:6      | 4483 ||| DRINKING 2 sapphire potions.
  4484 | D:6      | 4484 ||| DRINKING 2 fizzy amethyst potions.
  4484 | D:6      | Gained mutation: You sometimes lose your temper in combat.
                  | [potion of mutation]
  4484 | D:6      | Gained mutation: Potions are less effective at restoring
                  | your health. [potion of mutation]
  4484 | D:6      | Gained mutation: You are frail. (-10% HP) [potion of
                  | mutation]
  4485 | D:6      | 4485 ||| DRINKING potion of mutation.
  4485 | D:6      | Lost mutation: You are frail. (-10% HP) [potion of
                  | mutation]
  4485 | D:6      | Lost mutation: Potions are less effective at restoring your
                  | health. [potion of mutation]
  4485 | D:6      | Gained mutation: You are robust. (+10% HP) [potion of
                  | mutation]
  4535 | Temple   | Entered the Ecumenical Temple
  4587 | Temple   | 4587 ||| PLANNING OKAWARU WORSHIP
  4719 | Temple   | Became a worshipper of Warmaster Okawaru
  4719 | Temple   | 4719 ||| PLANNING D:1-11
  5104 | D:6      | Reached skill level 10 in Ranged Weapons
  5329 | D:7      | Found Ydentubb's Armour Emporium.
  5432 | D:7      | Noticed Menkaure
  5438 | D:7      | Killed Menkaure
  5579 | D:7      | Noticed Pikel
  5586 | D:7      | Killed Pikel
  5586 | D:7      | Reached * piety under Okawaru
  5587 | D:7      | Reached skill level 11 in Ranged Weapons
  5587 | D:7      | Reached XP level 9. HP: 82/86 MP: 8/8
  5842 | D:7      | Reached skill level 1 in Invocations
  5881 | D:7      | 5881 ||| DRINKING 2 lumpy silvery potions.
  5882 | D:7      | 5882 ||| DROPPING potion of degeneration.
  5908 | D:8      | 5908 ||| PLANNING OSSUARY
  5933 | D:8      | 5933 ||| INVOKING Heroism.
  5938 | D:8      | 5938 ||| Stepping ~*~*~tactically~*~*~ (cloud).
  5951 | D:8      | 5951 ||| INVOKING Heroism.
  5958 | D:8      | Reached skill level 3 in Invocations
  6054 | D:8      | Found an opulent altar of Gozag.
  6082 | D:8      | 6082 ||| INVOKING Heroism.
  6141 | D:8      | Found a hide-covered altar of Uskayaw.
  6173 | D:8      | 6173 ||| INVOKING Heroism.
  6174 | D:8      | 6174 ||| SWAPPING to +0 longbow.
  6179 | D:8      | 6179 ||| DROPPING +1 shortbow of freezing.
  6202 | D:8      | 6202 ||| INVOKING Heroism.
  6208 | D:8      | Reached skill level 12 in Ranged Weapons
  6409 | D:8      | Found a broken altar of Ashenzari.
  6521 | D:8      | Found a sand-covered staircase.
  6526 | D:8      | Reached ** piety under Okawaru
  6527 | D:8      | 6527 ||| READING scroll labelled RASEARHUAFE.
  6531 | Ossuary  | Entered an ossuary
  6584 | Ossuary  | Reached XP level 10. HP: 96/96 MP: 12/12
  6620 | Ossuary  | Reached skill level 6 in Dodging
  6684 | Ossuary  | 6684 ||| READING scroll of enchant weapon.
  6684 | Ossuary  | 6684 ||| ENCHANTING +0 longbow.
  6689 | Ossuary  | 6689 ||| DRINKING potion of mutation.
  6689 | Ossuary  | Lost mutation: You are robust. (+10% HP) [potion of
                  | mutation]
  6689 | Ossuary  | Lost mutation: You sometimes lose your temper in combat.
                  | [potion of mutation]
  6689 | Ossuary  | Gained mutation: You have sharp fingernails. [potion of
                  | mutation]
  6689 | Ossuary  | Gained mutation: Your mind is acute. (Int +4, Str/Dex -1)
                  | [potion of mutation]
  6690 | Ossuary  | 6690 ||| READING scroll labelled UVESENOICKUH.
  6691 | Ossuary  | 6691 ||| READING scroll labelled PENEUCVAPOD.
  6697 | D:8      | 6697 ||| PLANNING D:1-11
  7010 | D:9      | 7010 ||| INVOKING Heroism.
  7013 | D:9      | 7013 ||| Stepping ~*~*~tactically~*~*~ (cloud).
  7057 | D:9      | 7057 ||| INVOKING Heroism.
  7121 | D:9      | 7121 ||| Stepping ~*~*~tactically~*~*~ (outnumbered).
  7154 | D:9      | 7154 ||| READING scroll of enchant armour.
  7154 | D:9      | 7154 ||| ENCHANTING +1 pair of gloves.
  7174 | D:9      | Noticed a cyclops
  7175 | D:9      | 7175 ||| INVOKING Heroism.
  7180 | D:9      | Killed a cyclops
  7181 | D:9      | Reached skill level 13 in Ranged Weapons
  7381 | D:9      | Noticed a sun demon
  7381 | D:9      | 7381 ||| INVOKING Heroism.
  7382 | D:9      | Noticed a soul eater
  7387 | D:9      | HP: 20/90 [sun demon[a kobold demonologist] (17)]
  7387 | D:9      | Mangled by a soul eater

Levels and vault maps discovered:
D:1:      eino_arrival_tree_alley, layout_loops_ring,
          shapermc_ecumenical_altar_notcrosses
D:2:      layout_loops_ring, basic_altar,
          nicolae_concentric_dashed_squares_mild, chequers_big_river
D:3:      layout_loops_ring, yredelemnul_altar_generic,
          mainiacjoe_overflow_surrounded_room, nicolae_ru_the_path_less_chosen
D:4:      layout_basic, mainiacjoe_overflow_alcove_1, cheibrodos_gnoll_hut,
          uniq_natasha
D:5:      layout_gridville, nicolae_tso_besieged_by_evil,
          chequers_temple_overflow_statue_of_worship, serial_shops, shop
D:6:      layout_gridville, minmay_temple_entry_waves, minmay_manual_mail,
          uniq_duvessa
D:7:      layout_loops_cross, serial_shops,
          nicolae_shop_temple_entry_statues_fountains, uniq_pikel, uniq_menkaure
D:8:      layout_basic, eat_drink_and_be_merry_uskayaw,
          nicolae_ashenzari_panopticon, mainiacjoe_overflow_catwalk,
          nicolae_ossuary_entry_catacombs, chequers_garden,
          hangedman_decor_clover_reticule
D:9:      layout_irregular_city, slow_altar_1, erik_lair_dragon
Temple:   grunt_temple_mini_profane

Skill      XL: |  1  2  3  4  5  6  7  8  9 10 |
---------------+-------------------------------+-----
Ranged Weapons | 5 6 7 8 9 11 12 13 | 13.1
Fighting       | 3 4 5 7 8 |  8.4
Armour         | 1 3 4 5 |  5.0
Dodging        | 3 4 5 6 |  6.0
Invocations    | 4 |  4.0
Stealth        | |  0.7

Action                     |  1- 3 |  4- 6 |  7- 9 | 10-12 || total
---------------------------+-------+-------+-------+-------++-------
   Fire: Shortbow          |   125 |   144 |   258 |       ||   527
         Longbow           |       |       |    64 |    92 ||   156
 Invoke: Heroism           |       |       |     5 |     4 ||     9
    Use: Scroll            |     5 |     3 |     3 |     4 ||    15
         Potion            |       |     3 |     5 |     1 ||     9
 Armour: Leather armour    |     3 |       |       |       ||     3
         Ring mail         |     7 |    25 |     4 |       ||    36
         Quicksilver drago |       |       |    48 |    26 ||    74
  Dodge: Dodged            |    26 |    33 |    84 |    38 ||   181

Table legend:
 A = Non-vault XP
 B = Vault XP
 C = Vault XP percentage of total XP
 D = Non-vault monster count
 E = Vault monster count
 F = Vault count percentage of total count
                 A         B        C        D         E       F
            +---------+---------+-------+---------+---------+-------
      Total |    5285 |    2331 |  30.6 |     165 |      52 |  24.0
            +---------+---------+-------+---------+---------+-------
        D:1 |      54 |       0 |   0.0 |      28 |       0 |   0.0
        D:2 |      45 |       0 |   0.0 |      17 |       0 |   0.0
        D:3 |      69 |       0 |   0.0 |      18 |       0 |   0.0
        D:4 |     169 |     134 |  44.2 |      21 |       4 |  16.0
        D:5 |     661 |      56 |   7.8 |      12 |       7 |  36.8
        D:6 |     405 |     565 |  58.2 |      16 |       6 |  27.3
        D:7 |     324 |     816 |  71.6 |       7 |       2 |  22.2
        D:8 |    1832 |     143 |   7.2 |      30 |       6 |  16.7
        D:9 |    1726 |       0 |   0.0 |      16 |       0 |   0.0
    Ossuary |       0 |     617 | 100.0 |       0 |      27 | 100.0
            +---------+---------+-------+---------+---------+-------
